 Dungeon Crawl Stone Soup version 0.27-a0-423-gf312af23e9 (webtiles) character file.

Game seed: 9059566125169212186

7 SmokeWeed the Stinger (level 2, -3/17 HPs)
             Began as an Octopode Venom Mage on Feb 27, 2021.
             Slain by a leopard gecko (4 damage)
             ... on level 1 of the Dungeon.
             The game lasted 00:00:53 (312 turns).

SmokeWeed the Stinger (Octopode Venom Mage)          Turns: 312, Time: 00:00:53

Health: -3/17      AC:  1    Str:  7    XL:     2   Next: 0%
Magic:  0/5        EV: 13    Int: 17    God:
Gold:   0          SH:  0    Dex: 12    Spells: 4/5 levels left

rFire    x . .     SeeInvis .   b - +0 dagger
rCold    + . .     Faith    .   (no shield)
rNeg     . . .     Spirit   .   (helmet restricted)
rPois    .         Reflect  .   (no amulet)
rElec    .         Harm     .   a - ring of ice
rCorr    .         Rampage  .   (no ring)
Will     .....                  (no ring)
Stlth    +++.......             (no ring)
HPRegen  0.05/turn              (no ring)
MPRegen  0.09/turn              (no ring)
                                (no ring)
                                (no ring)

@: no status effects
A: almost no armour, stealthy swim, amphibious, 8 rings, constrict 8, camouflage
1, gelatinous body 1
a: no special abilities


You were on level 1 of the Dungeon.
You visited 1 branch of the dungeon, and saw 1 of its levels.

Inventory:

Hand Weapons
 b - a +0 dagger (weapon)
Jewellery
 a - a ring of ice (left tentacle)
 d - a ring of fire
Scrolls
 c - a scroll of teleportation {unknown}


   Skills:
 + Level 2.0 Dodging
 + Level 2.7 Stealth
 + Level 2.1 Spellcasting
 + Level 1.0 Transmutations
 + Level 4.0 Poison Magic


You had 4 spell levels left.
You knew the following spells:

 Your Spells              Type           Power        Failure   Level
a - Sting                 Tmut/Pois      40%          7%          1

Your spell library contained the following spells:

 Spells                   Type           Power        Failure   Level
 Poisonous Vapours        Pois/Air       16%          13%         2
 Ignite Poison            Fire/Tmut/Pois 7%           28%         3
 Mephitic Cloud           Conj/Pois/Air  6%           32%         3
 Olgreb's Toxic Radiance  Pois           15%          34%         4


Dungeon Overview and Level Annotations

Branches:
Dungeon (1/15)

Altars:


Innate Abilities, Weirdness & Mutations

You cannot wear most types of armour.
You are very stealthy in the water. (Stealth+)
You are amphibious.
You can wear up to eight rings at the same time.
You can use your tentacles to constrict eight enemies at once.
Your skin changes colour to match your surroundings (Stealth+).
Your rubbery body absorbs attacks. (AC +1, EV +1)


Message History

5 stones; a kobold corpse You see here a bat corpse.
You open the door.
There is an open door here.
There is an open door here.
c - a scroll labelled GAPHA GAFFUID You see here a bat corpse.
Things that are here:
5 stones; a kobold skeleton
d - a ring of fire
Found a glowing cloak.
Found a robe.
A bat comes into view.
Found 10 gold pieces.
You can't see any susceptible monsters within range! (Use Z to cast anyway.)
A leopard gecko comes into view.
Found a scroll labelled HENAIX KEAFEAL.
The leopard gecko completely misses you.
The sting hits the bat.
The bat is poisoned.
The bat is heavily wounded.
The bat hits you but does no damage. The leopard gecko bites you. x2
* * * LOW HITPOINT WARNING * * *
You are too injured to fight recklessly!
Aiming: Sting (safe; 7% risk of failure)
Press: ? - help, Q - select action Shift-Dir - straight line, f/p - bat
Aim: a bat (moderately wounded, poisoned, 43% to evade)
The sting hits the bat.
The bat looks even sicker.
You kill the bat!
The leopard gecko bites you.
* * * LOW HITPOINT WARNING * * *
You have reached level 2!
Aiming: Sting (safe; 7% risk of failure)
Press: ? - help, Q - select action Shift-Dir - straight line, f - leopard gecko
Aim: a leopard gecko (43% to evade)
The sting hits the leopard gecko.
The leopard gecko is poisoned.
The leopard gecko is heavily wounded.
The leopard gecko bites you.
* * * LOW HITPOINT WARNING * * *
The leopard gecko bites you.
You die...

############# #..........?#
#...........# ##
#...........# .########
#...........#
........####.....[..$..####
................@l.........
.##..##.##.........[.......
.##..##.###............#.##
.....##................#
...#.######............#
.#.#.# #............#
...... .......######...
...#.## ##.###.# .#. .....#
### ...


You could see a leopard gecko (poisoned).

Vanquished Creatures
  A goblin (D:1)
  2 kobolds (D:1)
  A ball python (D:1)
  3 bats (D:1)
7 creatures vanquished.

Notes
Turn   | Place    | Note
-------+----------+-------------------------------------------
     0 | D:1      | SmokeWeed the Octopode Venom Mage began the quest for the
                  | Orb.
     0 | D:1      | Reached XP level 1. HP: 11/11 MP: 3/3
    53 | D:1      | Reached skill level 4 in Poison Magic
   309 | D:1      | Reached XP level 2. HP: 3/17 MP: 1/5
   312 | D:1      | Slain by a leopard gecko

Illustrated notes

Levels and vault maps discovered:
D:1:      heliophobic_arrival_battle_scene, layout_basic

Skill      XL: |  1 |
---------------+----+-----
Poison Magic   | 4 |  4.0
Dodging        | |  2.0
Stealth        | |  2.7
Spellcasting   | |  2.1
Transmutations | |  1.0

Action                   || total
-------------------------++-------
Melee: Unarmed           ||     7
       Constrict         ||     3
       Tentacles         ||     3
       Dagger            ||     1
 Cast: Sting             ||     8
 Stab: Sleeping          ||     1
Armor: Skin              ||     5
Dodge: Dodged            ||    10

Table legend: (Time is in decaauts)
 A = Elapsed time spent in this place.
 B = Non-inter-level travel time spent in this place.
 C = Inter-level travel time spent in this place.
 D = Time resting spent in this place.
 E = Time spent auto-exploring this place.
 F = Levels seen in this place.
 G = Mean time per level.
                   A        B        C        D        E       F      G
               +--------+--------+--------+--------+--------+-----+--------+
         Total |    311 |    311 |      0 |      0 |    261 |   1 |  311.0 |
       Dungeon |    311 |    311 |      0 |      0 |    261 |   1 |  311.0 |
               +--------+--------+--------+--------+--------+-----+--------+

Top non-repeatable levels by time:
     D:1: 311 daAuts
